 Dungeon Crawl Stone Soup version 0.32-a0-928-g1cae6b7ea0 (webtiles) character file.

Game seed: 9028254136945279279

653 kae the Changeling (level 7, -6/48 HPs)
             Began as a Demonspawn Shapeshifter on Apr 12, 2024.
             Killed from afar by Dowan (20 damage)
             ... with a shard of ice
             ... on level 5 of the Dungeon.
             The game lasted 00:03:28 (5004 turns).

kae the Changeling (Demonspawn Shapeshifter)        Turns: 5004, Time: 00:03:28

Health: -6/48      AC:  2    Str: 21    XL:     7   Next: 29%
Magic:  7/7        EV: 11    Int: 10    God:
Gold:   247        SH:  5    Dex: 14    Spells: 6/6 levels left

rFire   . .          .
                       - Unarmed
rCold   . . .        (no shield)
rNeg    . . .        a - +0 animal skin
rPois   .            (helmet currently unavailable)
rElec   .            (cloak currently unavailable)
rCorr   .            (gloves currently unavailable)
SInv    .            (boots currently unavailable)
Will    .....        g - amulet of reflection
Stlth   +            S - +6 ring of strength
HPRegen 0.28/turn    (no ring)
MPRegen 0.10/turn

%: reflection
@: beast-form
A: beast (slay +3), powered by pain 1, sturdy frame 1, weakness stinger 1
a: Begin Untransformation


You were on level 5 of the Dungeon.
You were a hulking beast.
You visited 2 branches of the dungeon, and saw 6 of its levels.

You collected 247 gold pieces.


Innate Abilities, Weirdness & Mutations

You are a hulking beast.
Your limbs bulge with bestial killing power. (Slay +3)
You sometimes gain a little power by taking damage.
Your movements are slightly less encumbered by armour. (ER -2)
You have a small tail.


   Skills:
 - Level 1.0 Fighting
 - Level 1.7 Dodging
 + Level 5.0 Unarmed Combat
 * Level 6.1 Shapeshifting


You had 6 spell levels left.
You didn't know any spells.
Your spell library contained the following spells:

 Spells                   Type           Power      Damage    Failure   Level
 Sandblast                Erth           0%         2d4       36%         1
 Stone Arrow              Conj/Erth      0%         3d7       75%         3
 Brom's Barrelling Bould  Conj/Erth      0%         2d3       98%         4

Inventory:

Missiles
 b - 10 poisoned darts
 i - 32 stones (quivered)
Armour
 a - a +0 animal skin (worn)
Jewellery
 g - an amulet of reflection (around neck)
   (You found it on level 1 of the Dungeon)
 S - a +6 ring of strength (left hand)
   (You found it on level 3 of the Dungeon)
Talismans
 c - a beast talisman (active)
 d - a flux talisman
Scrolls
 l - 3 scrolls of poison {!r}
 m - 2 scrolls of fog
Potions
 e - a potion of haste {@q3}
 f - a potion of enlightenment {unknown}
 h - 2 potions of degeneration {!q}
 j - 7 potions of curing {unknown}
 k - a potion of heal wounds {@q2}
 n - 2 potions of ambrosia {unknown}
 o - a potion of attraction {!q}
 p - a potion of lignification {!q}

Dungeon Overview and Level Annotations

Branches:
Dungeon (5/15) Zot: 25036  Temple (1/1) D:5 Zot: 5980

Altars:
Ashenzari
Cheibriados
Dithmenos
Fedhas
Hepliaklqana
Kikubaaqudgha
Makhleb
Nemelex Xobeh
Okawaru
Qazlal
Uskayaw
Vehumet

Annotations:
D:5 Dowan

######### #...# ..# #########
#.#.# #o#
#.......###.#.#.#.#######
#...........#####e......##
##...........#####.....e..#
.......#####.#...#.######.# ###
##..#### #.#.#h#.# #.####.#
.##.########.).#.e.######e.....#
...†.......#########..........>#
###.####### .. ######......#
#..### ...###### ##.e...# ##...#
#.....# #.###.# ###..#
#.≈≈≈.#####.###.# #..#
..#.≈$≈..e......#.# ....
..%.≈≈≈.###...#.#.#


You could see Dowan (fast).


Message History

😮 HP[+1]
You closely miss Duvessa. You punch Duvessa. Duvessa misses you.
Unknown command.
You hit Duvessa but do no damage.
Duvessa hits you with a +0 short sword. 😮 HP[-3]
You take 3 damage, and now have 28/48 hp.
You punch Duvessa!
You kill Duvessa!
You hear a distant wail of despair.
Your Unarmed Combat skill increases to level 5!
Your Shapeshifting skill increases to level 6!
Unknown command.
i - 32 stones (gained 7)
Things that are here:
a +0 short sword; a +0 leather armour; the elf corpse of Duvessa 😮 HP[+1]
You start resting. 😕 HP[+11]
You regained 11 hp, and now have 40/48 hp.
You start resting. 😎 HP[+8]
Your hp is fully restored (48).
Things that are here:
a +0 short sword; a +0 leather armour; the elf corpse of Duvessa
As you read the scroll labelled NIUVIPH FANAN, it crumbles to dust.
It is a scroll of amnesia.
You feel forgetful for a moment.
As you read the scroll of identify {@r1}, it crumbles to dust.
h - 2 potions of degeneration
Okay, then.
Things that are here:
a +0 short sword; a +0 leather armour; the elf corpse of Duvessa
Things that are here:
a +0 short sword; a +0 leather armour; the elf corpse of Duvessa Dowan seems to find hidden reserves of power!
Dowan is nearby!
Dowan is nearby!
Dowan is nearby!
Unknown command.
What are your orders? t - Shout!
Orders for allies: a - Attack new target. r - Retreat! s - Stop attacking. g - Guard the area. f - Follow me.
Anything else - Cancel.
You shout for attention!
You hear a shout! x2
An orc comes into view. It is wielding a +0 club.
You start waiting.
An orc is nearby!
You punch the orc!
You kill the orc!
You hear a shout!
You closely miss Dowan.
Your tail-slap misses Dowan.
Dowan hits you with a +0 dagger. 😕 HP[-4]
You take 4 damage, and now have 44/48 hp.
You barely miss Dowan.
Your tail-slap misses Dowan.
Dowan hits you with a +0 dagger. Dowan hits you with a +0 dagger!
You closely miss Dowan. Your punch misses Dowan.
You block Dowan's attack. 😮 HP[-8]
You take 8 damage, and now have 36/48 hp.
You hit Dowan.
Your tail-slap misses Dowan.
Dowan casts a spell at you. The shard of ice misses you.
You hit Dowan but do no damage.
Dowan points at you and mumbles some strange words.
The shard of ice hits you! Dowan hits you with a +0 dagger.
* * * LOW HITPOINT WARNING * * *
😨 HP[-12]
You take 12 damage, and now have 24/48 hp.
MASSIVE DAMAGE!! (PAUSE)
You hit Dowan but do no damage.
Your tail-slap misses Dowan.
You block Dowan's attack.
Unknown command.
You hit Dowan. You tail-slap Dowan. Dowan hits you with a +0 dagger.
* * * LOW HITPOINT WARNING * * *
😨 HP[-4]
You take 4 damage, and now have 20/48 hp.
You closely miss Dowan. You punch Dowan, but do no damage.
Dowan closely misses you. Dowan hits you with a +0 dagger.
* * * LOW HITPOINT WARNING * * *
😨 HP[-4]
You take 4 damage, and now have 16/48 hp.
Unknown command.
You punch Dowan! Dowan hits you but does no damage.
You hit Dowan.
Your tail-slap misses Dowan.
Dowan gestures wildly while chanting.
Dowan blinks!
You start resting.
Dowan is nearby! 😨 HP[+1]
Okay, then.
Dowan hits you with a +0 dagger.
* * * LOW HITPOINT WARNING * * *
😨 HP[-3]
You take 3 damage, and now have 14/48 hp.
You hit Dowan. Dowan casts a spell at you. The shard of ice hits you!!
You die...

Skill      XL: |  1  2  3  4  5  6  7 |
---------------+----------------------+-----
Shapeshifting  | 3 4 5 6 |  6.1
Unarmed Combat | 3 4 5 |  5.0
Fighting       | |  1.0
Dodging        | |  1.7

Action                     |  1- 3 |  4- 6 |  7- 9 || total
---------------------------+-------+-------+-------++-------
  Melee: Unarmed           |    88 |   181 |    29 ||   298
         Tailslap          |     4 |    29 |     2 ||    35
         Punch             |     2 |     7 |     2 ||    11
    Use: Scroll            |       |     7 |     2 ||     9
         Potion            |       |     2 |       ||     2
   Stab: Sleeping          |     1 |     4 |       ||     5
 Armour: Animal skin       |    45 |    78 |    18 ||   141
         Skin              |       |     7 |       ||     7
  Dodge: Dodged            |    38 |    62 |    12 ||   112
  Block: Other             |    14 |    32 |     5 ||    51
         Reflection        |     2 |     1 |       ||     3

Levels and vault maps discovered:
D:1:      amcnicky_arrival_single_pillar, layout_basic
D:2:      layout_loops_cross
D:3:      layout_loops_ring, mainiacjoe_overflow_24_doors,
          minmay_randomly_rotated_circles
D:4:      layout_cave_pools, kennysheep_little_box, elyvilon_altar_5,
          hangedman_abyss_or_decor_jellyfish_corner,
          amcnicky_mini_corridor_feature, uniq_menkaure
D:5:      layout_basic, minmay_temple_entry_statues, minivault_25,
          corexii_item_surrounded_by_moat, bh_walls_and_bars, uniq_duvessa
Temple:   nicolae_temple_ecumenical_triangle

Notes
Turn   | Place    | Note
-------+----------+-------------------------------------------
     0 | D:1      | kae the Demonspawn Shapeshifter began the quest for the
                  | Orb.
     0 | D:1      | Reached XP level 1. HP: 15/15 MP: 1/1
     0 | D:1      | magus.rc [v1.11.3]
   221 | D:1      | Reached skill level 3 in Shapeshifting
   246 | D:1      | Gained mutation: You have a small tail. [demonic ancestry]
   246 | D:1      | Reached XP level 2. HP: 16/21 MP: 2/2
   483 | D:1      | Reached skill level 3 in Unarmed Combat
  1272 | D:2      | Gained mutation: Your movements are slightly less
                  | encumbered by armour. (ER -2) [demonic ancestry]
  1272 | D:2      | Reached XP level 3. HP: 26/26 MP: 3/3
  1469 | D:2      | Reached XP level 4. HP: 32/32 MP: 4/4
  2000 | D:3      | Reached skill level 4 in Shapeshifting
  2133 | D:3      | Found a radiant altar of Vehumet.
  2365 | D:3      | You pick up a book of Geomancy and begin reading...
  2365 | D:3      | You add the spells Sandblast, Stone Arrow and Brom's
                  | Barrelling Boulder to your library.
  2468 | D:3      | Reached XP level 5. HP: 24/37 MP: 5/5
  2749 | D:3      | Reached skill level 4 in Unarmed Combat
  3343 | D:4      | Noticed Menkaure
  3362 | D:4      | HP: 12/55 [frozen (2)]
  3363 | D:4      | Killed Menkaure
  3364 | D:4      | Reached skill level 5 in Shapeshifting
  3364 | D:4      | Reached XP level 6. HP: 14/43 MP: 6/6
  3708 | D:4      | HP: 7/43 [orc/+2 flail of holy wrath (4)]
  3709 | D:4      | HP: 3/43 [orc/+0 hand axe (4)]
  4296 | D:4      | Found a shadowy altar of Dithmenos.
  4460 | D:5      | Entered Level 5 of the Dungeon
  4523 | D:5      | Noticed Dowan
  4549 | D:5      | Gained mutation: You sometimes gain a little power by
                  | taking damage. [demonic ancestry]
  4549 | D:5      | Reached XP level 7. HP: 29/48 MP: 7/7
  4636 | D:5      | Found a staircase to the Ecumenical Temple.
  4642 | Temple   | Entered the Ecumenical Temple
  4840 | D:5      | Noticed Duvessa
  4885 | D:5      | Killed Duvessa
  4886 | D:5      | Reached skill level 5 in Unarmed Combat
  4886 | D:5      | Reached skill level 6 in Shapeshifting
  5004 | D:5      | Killed from afar by Dowan

Vanquished Creatures
  Menkaure (D:4)
  Duvessa (D:5)
  A jelly (D:4)
  An orc priest (D:3)
  A bombardier beetle (D:3)
  A hound (D:5)
  A sleepcap (D:4)
  2 iguanas
  An orc wizard (D:4)
  6 adders
  3 gnolls (D:4)
  A shadow imp (D:3)
  A white imp (D:4)
  2 dart slugs
  3 ribbon worms
  12 orcs
  8 endoplasms
  4 giant cockroaches
  10 goblins
  6 hobgoblins
  5 jackals (D:1)
  4 quokkas
  8 ball pythons
  4 bats
  A frilled lizard (D:3)
  5 kobolds
  4 rats
97 creatures vanquished.

Table legend:
 A = Non-vault XP
 B = Vault XP
 C = Vault XP percentage of total XP
 D = Non-vault monster count
 E = Vault monster count
 F = Vault count percentage of total count
                 A         B        C        D         E       F
            +---------+---------+-------+---------+---------+-------
      Total |     580 |     354 |  37.9 |      89 |       8 |   8.2
            +---------+---------+-------+---------+---------+-------
        D:1 |      39 |       0 |   0.0 |      23 |       0 |   0.0
        D:2 |      89 |       0 |   0.0 |      15 |       0 |   0.0
        D:3 |     179 |      35 |  16.4 |      27 |       6 |  18.2
        D:4 |     213 |     172 |  44.7 |      20 |       1 |   4.8
        D:5 |      60 |     147 |  71.0 |       4 |       1 |  20.0
            +---------+---------+-------+---------+---------+-------

Skill      XL: |  1  2  3  4  5  6  7 |
---------------+----------------------+-----
Shapeshifting  | 3 4 5 6 |  6.1
Unarmed Combat | 3 4 5 |  5.0
Fighting       | |  1.0
Dodging        | |  1.7

Action                     |  1- 3 |  4- 6 |  7- 9 || total
---------------------------+-------+-------+-------++-------
  Melee: Unarmed           |    88 |   181 |    29 ||   298
         Tailslap          |     4 |    29 |     2 ||    35
         Punch             |     2 |     7 |     2 ||    11
    Use: Scroll            |       |     7 |     2 ||     9
         Potion            |       |     2 |       ||     2
   Stab: Sleeping          |     1 |     4 |       ||     5
 Armour: Animal skin       |    45 |    78 |    18 ||   141
         Skin              |       |     7 |       ||     7
  Dodge: Dodged            |    38 |    62 |    12 ||   112
  Block: Other             |    14 |    32 |     5 ||    51
         Reflection        |     2 |     1 |       ||     3

Illustrated notes

Table legend:
 A = Kills in this place as a percentage of kills in the entire game.
 B = Kills by you in this place as a percentage of kills by you in the entire game.
 C = Kills by friends in this place as a percentage of kills by friends in the entire game.
 D = Other kills in this place as a percentage of other kills in the entire game.
 E = Experience gained in this place as a percentage of experience gained in the entire game.
 F = Experience gained in this place divided by the number of levels of this place that you have seen.
                   A       B       C       D       E      F
               +-------+-------+-------+-------+-------+----------------------
         Total | 100.0 | 100.0 |   N/A |   N/A | 100.0 | 155.7
       Dungeon | 100.0 | 100.0 |   N/A |   N/A | 100.0 | 186.8
               +-------+-------+-------+-------+-------+----------------------

Table legend: (Time is in decaauts)
 A = Elapsed time spent in this place.
 B = Non-inter-level travel time spent in this place.
 C = Inter-level travel time spent in this place.
 D = Time resting spent in this place.
 E = Time spent auto-exploring this place.
 F = Levels seen in this place.
 G = Mean time per level.
                   A        B        C        D        E       F      G
               +--------+--------+--------+--------+--------+-----+--------+
         Total |   4982 |   4829 |    153 |    822 |   3288 |   6 |  830.3 |
       Dungeon |   4962 |   4819 |    143 |    822 |   3288 |   5 |  992.4 |
        Temple |     19 |      9 |     10 |      0 |      0 |   1 |   19.0 |
               +--------+--------+--------+--------+--------+-----+--------+

Top non-repeatable levels by time:
     D:3: 1374 daAuts
     D:1: 1257 daAuts
     D:4: 1206 daAuts
     D:2: 668 daAuts
     D:5: 455 daAuts
  Temple: 19 daAuts
